[Event "Early-Titled-Tuesday-Blitz-February-27-2024"]
[Site "Chess.com"]
[Date "2024.02.27"]
[Round "1"]
[White "ChadBiryani"]
[Black "GeorgiosSouleidis"]
[Result "0-1"]
[WhiteElo "2408"]
[BlackElo "2719"]
[TimeControl "180+1"]
[EndTime "8:08:44 PST"]
[Termination "GeorgiosSouleidis won on time"]

1. Nf3 Nf6 2. g3 g6 3. Bg2 Bg7 4. O-O O-O 5. d3 d5 6. c3 c5 7. Bg5 Nc6 8. Qc1 e5 9. Bh6 Re8 10. Bxg7 Kxg7 11. a4 e4 12. dxe4 dxe4 13. Ng5 h6 14.
Nh3 g5 15. Nxg5 hxg5 16. Qxg5+ Kh8 17. Na3 Qe7 18. Rad1 Nh7 19. Qh5 Rg8 20. h3 Rg5 21. Qh4 Re5 22. Qh6 Be6 23. Nb5 Rd8 24. h4 a6 25. Na3 Bb3 26. Rxd8+ Qxd8 27. f4 exf3 28. Bxf3 Qg8 29. Kh2 Re6 30. Qf4 Qg7 31. Nc4 Bxc4 32. Qxc4 Ne5 33. Qxc5 Nxf3+ 34. Rxf3 Rxe2+ 35. Kh3 Re6 36. Qc8+ Qf8 37. Qxb7 Re7 38. Qd5 f6 39. Qd4 Rg7 40.
c4 Qc8+ 41. Kh2 Rd7 42. Qc3 Qd8 43. c5 Rd2+ 44. Kg1 Rd1+ 45. Rf1 Rxf1+ 46. Kxf1 Qc7 47.
Kf2 Qc6 48. b3 Kg7 49. Qd4 Nf8 50. a5 Ne6 51. Qg4+ Kf7 52. b4 Qd5 53. Qf3 Qd2+ 54. Qe2 Qxb4 55. Qxa6 Qxc5+ 56. Kg2 Qd5+ 57. Kh2 Qd2+ 58.
Kh3 Ng7 59. Qb7+ Kg6 60. Qe4+ f5 61. Qc6+ Kf7 62. Qb7+ Kf6 63. Qc6+ Ne6 64. Qf3 Qe1 65. Kh2 Qa1 66. Qf2 Qxa5 67. g4 Qe5+ 68. Kh3 Nf4+ 69.
Kg3 Nd3+ 0-1

[Event "Early-Titled-Tuesday-Blitz-February-27-2024"]
[Site "Chess.com"]
[Date "2024.02.27"]
[Round "1"]
[White "MikeSailer"]
[Black "ExtremeLearner"]
[Result "1/2-1/2"]
[WhiteElo "2157"]
[BlackElo "2563"]
[TimeControl "180+1"]
[EndTime "8:08:44 PST"]
[Termination "Game drawn by repetition"]

1. d4 e6 2. Nf3 b6 3. Bf4 Bb7 4. e3 Nf6 5. Be2 Be7 6. h3 O-O 7. O-O Ne4 8. a4 a6 9. Nbd2 f5 10. Nxe4 Bxe4 11. Nd2 Bb7 12. Bf3 Nc6 13. c4 d6 14. Nb1 Na5 15. Bxb7 Nxb7 16. b4 Bf6 17. Nc3 e5 18. Bh2 a5 19. b5 g6 20. Nd5 Bg7 21.
Rc1 Kh8 22. f3 Qd7 23. Re1 Rae8 24. Rc2 Qf7 25. Rce2 Nd8 26. dxe5 dxe5 27. e4 f4 28. Kh1 Ne6 29. Bg1 g5 30. Rd2 h5 31. Nc3 Rd8 32.
Rxd8 Rxd8 33. Qc2 g4 34. Rd1 Rg8 35. Qd3 Bf6 36. Qd7 Qg6 37. fxg4 Ng5 38. Qf5 hxg4 39. Qxg6 Rxg6 40. hxg4 Ne6 41. Bf2 Rxg4 42. Rd7 Rg7 43. Rxg7 Kxg7 44. Nd5 Bd8 45. g3 f3 46. Be3 Kf7 47. Kg1 Ke8 48. Kf2 Kd7 49. Kxf3 Be7 50. Nxe7 Kxe7 51. Kg4 Kf6 52. Kf3 Nd8 53. g4 Nf7 54. Bf2 Nd6 55. Bh4+ Kg6 56. Bd8 Ne8 57. Kg3 Kf7 58. Kh4 Ke6 59. Kg5 Kd7 60. Bf6 Ke6 61. Bd8 Kd7 62. Bf6 Ke6 63. Bd8 1/2-1/2

[Event "Early-Titled-Tuesday-Blitz-February-27-2024"]
[Site "Chess.com"]
[Date "2024.02.27"]
[Round "1"]
[White "agvega14"]
[Black "ErikRonka"]
[Result "1-0"]
[WhiteElo "2220"]
[BlackElo "2571"]
[TimeControl "180+1"]
[EndTime "8:08:47 PST"]
[Termination "agvega14 won by checkmate"]

1. d4 d5 2. c4 c6 3. Nc3 Nf6 4. e3 e6 5. Nf3 Nbd7 6. Qc2 Bd6 7. b3 O-O 8. a3 e5 9. cxd5 cxd5 10. Nb5 Bb8 11. a4 e4 12. Nd2 a6 13. Nc3 Re8 14. Ba3 Nf8 15. Be2 h5 16. h3 Bf5 17.
Rc1 Ne6 18. Nf1 Qd7 19. Ng3 Bg6 20. Nb1 h4 21. Nf1 Bc7 22. Nfd2 Rac8 23. Qb2 Ng5 24. Bc5 Bf5 25. Bf1 Re6 26. Ba3 Bb6 27. Rxc8+ Qxc8 28. Be2 Rc6 29. Bd1 Ne6 30. b4 a5 31. b5 Rc7 32. Bd6 Rd7 33. Be5 Qd8 34. Nb3 Bc7 35. Bxc7 Rxc7 36. N1d2 b6 37. Nc1 Ng5 38. Ne2 Qd7 39. Nf4 Ne6 40. Nxe6 Bxe6 41. Nb1 Rc8 42. Nc3 Qc7 43. Ne2 Qc4 44. Bb3 Qb4+ 45. Kf1 Ne8 46. g4 Nd6 47. Kg2 Nc4 48. Qa2 Nd2 49. Bd1 Nf3 50.
Bb3 Ne1+ 51. Kf1 Nd3 52. Kg2 Qd6 53. Rb1 g6 54. Qd2 Kg7 55. Bc2 Nb4 56. Bb3 f5 57. Nf4 fxg4 58. hxg4 Bxg4 59. Bd1 Bxd1 60. Qxd1 g5 61.
Qg4 Rg8 62. Ne6+ Kf7 63. Qf5+ Ke7 64. Rc1 Nd3 65. Rc7+ Ke8 66. Qf7# 1-0

[Event "Early-Titled-Tuesday-Blitz-February-27-2024"]
[Site "Chess.com"]
[Date "2024.02.27"]
[Round "1"]
[White "Mackster23"]
[Black "JiiHart"]
[Result "1-0"]
[WhiteElo "2573"]
[BlackElo "2157"]
[TimeControl "180+1"]
[EndTime "8:08:48 PST"]
[Termination "Mackster23 won by checkmate"]

1. e4 c5 2. Nf3 Nc6 3. d4 cxd4 4.
Nxd4 g6 5. c4 Nf6 6. Nc3 Bg7 7.
Be2 O-O 8. Be3 d6 9. O-O Nxd4 10.
Bxd4 Bd7 11. Re1 a6 12. Rc1 Bc6 13. Bf1 e5 14. Be3 Nxe4 15. Nd5 Bxd5 16. Qxd5 Nf6 17.
Qxb7 d5 18. cxd5 Qxd5 19. Qb4 Rfb8 20. Qa3 Bf8 21. Bc5 Bg7 22. Bc4 Qd2 23. Bb3 e4 24.
Rcd1 Qg5 25. Be3 Qh5 26. h3 a5 27. Qa4 Rb4 28. Qc6 Rab8 29. Qc7 Bf8 30. Qxf7+ Kh8 31. Qxf6+ Bg7 32. Qd6 a4 33. Be6 Be5 34. Qd7 R4b7 35. Qd5 Rb5 36. Qc4 R5b7 37. Bg4 Qh4 38. Bd4 Qf6 39.
Bxe5 Qxe5 40. Qd4 Qxd4 41. Rxd4 Rxb2 42. Rxa4 Rb1 43. Rxe4 Rxe1+ 44. Rxe1 Ra8 45. Be6 Kg7 46. Bb3 Kf6 47. Kf1 Ra7 48. Re3 Ra6 49. Ke2 Ra5 50. g4 Ra7 51. Re6+ Kg5 52. Kf3 Ra3 53. Kg3 Kh6 54.
f4 Ra5 55. g5+ Rxg5+ 56. fxg5+ Kxg5 57. h4+ Kf5 58. Re2 Kf6 59. Rf2+ Ke5 60. Bc2 Kd4 61. Bxg6 Ke5 62. Bxh7 Kd4 63. Bb1 Ke5 64. h5 Kd4 65.
h6 Ke5 66. h7 Kd4 67. a4 Kc3 68. a5 Kb4 69. a6 Ka5 70. a7 Kb6 71. h8=Q Kc5 72.
a8=Q Kb4 73. Qb2+ Kc4 74. Qg8+ Kc5 75. Qe5+ Kb4 76. Qgb8+ Ka3 77. Qe7+ Ka4 78. Qd7+ Ka3 79. Qdd6+ Ka4 80. Qc6+ Ka3 81. Qc5+ Ka4 82. Qcb5+ Ka3 83. Qb4# 1-0

[Event "Early-Titled-Tuesday-Blitz-February-27-2024"]
[Site "Chess.com"]
[Date "2024.02.27"]
[Round "1"]
[White "SahibSinghKnight"]
[Black "PawnEatingZombie"]
[Result "1/2-1/2"]
[WhiteElo "2563"]
[BlackElo "2157"]
[TimeControl "180+1"]
[EndTime "8:08:49 PST"]
[Termination "Game drawn - insufficient material"]

1. e4 d6 2. d4 Nf6 3. Nc3 e5 4. Nf3 Nbd7 5. Bc4 Be7 6. O-O O-O 7. Re1 c6 8. a4 a5 9. h3 Nb6 10. Bb3 Nfd7 11. Be3 exd4 12. Nxd4 Nc5 13. Nf5 Bxf5 14. exf5 Nxb3 15. cxb3 Bf6 16. Ne4 Nd5 17. Qd2 Nxe3 18. Rxe3 d5 19. Rd3 Qe7 20. Ng3 g6 21. Re1 Qb4 22.
Qd1 Rfe8 23. Re2 Rxe2 24. Qxe2 Kf8 25. Qf3 Kg7 26. Ne2 Re8 27. Nf4 Qe1+ 28. Kh2 Be5 29. g3 Bxf4 30. Qxf4 Qe5 31. Qxe5+ Rxe5 32. fxg6 hxg6 33.
Rd2 Re1 34. Kg2 Kf6 35. Kf3 Rb1 36. Ke2 Ke5 37. h4 Ke4 38. f3+ Ke5 39. Kd3 Rg1 40.
Re2+ Kd6 41. g4 Rh1 42. h5 gxh5 43. gxh5 Rxh5 44. Kc3 Rh3 45. Re3 f5 46. b4 axb4+ 47.
Kxb4 f4 48. Rd3 Rh2 49. b3 Re2 50. Rd4 Ke5 51. Rd1 Re3 52. Rf1 Kd4 53. a5 Kd3 54.
Rh1 Ke2 55. Rh7 Kxf3 56. Rxb7 Re1 57. a6 Ra1 58. a7 Ke2 59. Kc5 f3 60. Re7+ Kf1 61.
Kxc6 f2 62. Kb7 Kg2 63. Rg7+ Kh2 64. Rf7 Kg2 65. a8=Q Rxa8 66. Kxa8 f1=Q 67. Rxf1 Kxf1 68. b4 d4 69. b5 d3 70. b6 d2 71. b7 d1=Q 72. b8=Q Qa4+ 73. Qa7 Qxa7+ 74. Kxa7 1/2-1/2

[Event "Early-Titled-Tuesday-Blitz-February-27-2024"]
[Site "Chess.com"]
[Date "2024.02.27"]
[Round "1"]
[White "NtcPou"]
[Black "RedFirePanda"]
[Result "0-1"]
[WhiteElo "1987"]
[BlackElo "2550"]
[TimeControl "180+1"]
[EndTime "8:08:49 PST"]
[Termination "RedFirePanda won by checkmate"]

1. e4 d5 2. exd5 Qxd5 3. Nc3 Qd8 4. d4 c6 5. Nf3 Bf5 6. Bd3 Bxd3 7. Qxd3 e6 8. O-O Nf6 9. Bg5 Be7 10. Rfe1 O-O 11. Rad1 Nbd7 12. Ne2 a5 13. c3 a4 14. a3 h6 15. Bf4 Nd5 16. Bg3 N7f6 17. Ne5 Nh5 18. h3 Nxg3 19. Nxg3 Bh4 20. Ne4 Be7 21. Qg3 Nf6 22. Nd2 Qb6 23. Ndc4 Qb5 24. Rd3 Rad8 25. Rf3 Qb3 26. Re2 Qd1+ 27. Kh2 Qxe2 28.
Ne3 Qxb2 29. N3c4 Qb5 30. h4 Qd5 31. Ne3 Qe4 32. Kg1 Nh5 33. Qh2 Qb1+ 34. Nf1 Nf6 35. Qg3 Ne4 36. Qf4 Bf6 37. h5 Bg5 38. Qg4 Nd2 39.
Kh2 Nxf1+ 40. Kh3 Nd2 41. Rd3 Qh1+ 42. Kg3 Nf1+ 43. Kf3 Nh2+ 44. Kg3 Nxg4 45. Nxg4 f5 46. Ne5 f4+ 47. Kf3 Qxh5+ 48. Ke4 Bf6 49. Nf3 Qd5+ 50. Kxf4 Be5+ 51. Kg4 Qe4+ 52. Kh3 Bf6 53. Re3 Qf4 54. g3 Qf5+ 55. Kg2 Rfe8 56. Rd3 Qxd3 57. Ne1 Qe4+ 58.
Nf3 e5 59. c4 exd4 60. c5 d3 61. g4 d2 62. Kg3 d1=Q 63. Nh4 Qdd3+ 64. Kh2 Qxg4 65.
Ng2 Qdh3+ 66. Kg1 Qgxg2# 0-1

[Event "Early-Titled-Tuesday-Blitz-February-27-2024"]
[Site "Chess.com"]
[Date "2024.02.27"]
[Round "1"]
[White "LyonBeast"]
[Black "Nouali_Mohamed"]
[Result "1/2-1/2"]
[WhiteElo "3138"]
[BlackElo "2546"]
[TimeControl "180+1"]
[EndTime "8:08:50 PST"]
[Termination "Game drawn - insufficient material"]

1. e4 c5 2. Nf3 Nc6 3. c3 d5 4.
exd5 Qxd5 5. d4 Bg4 6. Be2 e6 7.
O-O Nf6 8. h3 Bh5 9. Be3 cxd4 10. cxd4 Bd6 11. Nc3 Qa5 12. Qb3 Qb4 13. Nb5 O-O 14.
Nxd6 Qxd6 15. g4 Bg6 16. Rac1 Be4 17. Rfd1 Nd5 18. Nd2 Bg6 19. Nc4 Qb8 20. Bf3 Rd8 21.
Bg5 f6 22. Be3 Nf4 23. Bxf4 Qxf4 24. Bxc6 bxc6 25. Na5 Rd5 26. Nxc6 Re8 27. Qe3 Qd6 28. a3 h5 29. Nb4 Rg5 30. f4 Rb5 31. Rd2 a5 32. Rc5 Reb8 33. Rxb5 Rxb5 34. Na2 hxg4 35. hxg4 Qb6 36. b4 axb4 37. Nxb4 Bf7 38. Kf2 Ra5 39.
Rd3 Qb7 40. Qf3 Qa7 41. Kg3 Ra4 42. Qe3 Qb8 43. Rc3 g5 44. Kf3 gxf4 45. Qxf4 Qa8+ 46. Kg3 Rxa3 47. Re3 Rxe3+ 48. Qxe3 Qb8+ 49. Qf4 Qxb4 50. Qxf6 Qc3+ 51. Kh4 Qd2 52. Qe5 Qg2 53. Kg5 Qd2+ 54. Kf6 Qf2+ 55. Ke7 Qf3 56. Qb8+ Kh7 57. g5 Kg6 58. Qb5 Qa3+ 59. Qc5 Qxc5+ 60. dxc5 e5 61. c6 e4 62. Kd6 e3 63. c7 e2 64. c8=Q e1=Q 65.
Qc2+ Kxg5 66. Qc5+ Kg6 67. Kc7 Qe6 68. Qg1+ Kf6 69.
Qd4+ Qe5+ 70. Qd6+ Qxd6+ 71. Kxd6 1/2-1/2

[Event "Early-Titled-Tuesday-Blitz-February-27-2024"]
[Site "Chess.com"]
[Date "2024.02.27"]
[Round "1"]
[White "ChessQueen"]
[Black "TheoSlade"]
[Result "1-0"]
[WhiteElo "2740"]
[BlackElo "2422"]
[TimeControl "180+1"]
[EndTime "8:08:52 PST"]
[Termination "ChessQueen won by resignation"]

1. Nf3 d5 2. g3 Nf6 3. Bg2 e6 4.
O-O Be7 5. d3 O-O 6. a4 c5 7.
Bf4 Nc6 8. e4 dxe4 9. dxe4 Qxd1 10. Rxd1 Nxe4 11. Ne5 Nxe5 12. Bxe5 Bf6 13. f4 Bxe5 14.
fxe5 f5 15. Bxe4 fxe4 16. Nc3 b6 17. Nxe4 Bb7 18. Nd6 Bf3 19. Rd3 Be2 20. Rd2 Ba6 21. a5 Rf3 22. axb6 axb6 23. Nc4 b5 24. Nb6 Ra7 25.
Nd7 Ra8 26. Nxc5 Bb7 27. Rxa8+ Bxa8 28. Rd8+ Rf8 29. Nxe6 Rxd8 30. Nxd8 Bd5 31. e6 Kf8 32. Nf7 Bxe6 33. Nd6 Bd7 34. Kf2 Ke7 35. Ne4 Bf5 36. Ke3 Ke6 37. c3 Ke5 38. Nd2 Be6 39. Nf3+ Kd5 40. Nd4 Bd7 41. b3 g6 42. Kd3 Bh3 43. c4+ bxc4+ 44. bxc4+ Kc5 45. Kc3 Bf1 46. Nb3+ Kd6 47. Kd4 Be2 48. Nd2 Kc6 49. Ne4 Bd1 50. Ng5 h5 51. h4 Bc2 52. Nf7 Bb1 53. Ne5+ Kd6 54. Nf3 Bf5 55. Ng5 Bc2 56. Ne4+ Ke6 57. c5 Kf5 58. Nf2 Ba4 59. Kd5 Bb3+ 60. Kd6 Be6 61. c6 Bc8 62. c7 Ba6 63. Kd7 Bb5+ 64.
Kd8 Ba6 65. Nd1 Kg4 66. Nc3 Kxg3 67. Ne4+ Kxh4 68. Nc5 Bc8 69. Kxc8 g5 70. Kd8 g4 71. c8=Q g3 72. Ne4 g2 73. Qc1 Kg4 74. Qg1 Kf3 75.
Ng5+ Kg3 76. Ne4+ Kf3 77. Nd2+ Kg3 78. Nf1+ Kf3 79. Ne3 h4 80. Nxg2 h3 81. Nh4+ Kf4 82. Ng6+ Kf5 83. Qh2 Kxg6 84. Qxh3 1-0

[Event "Early-Titled-Tuesday-Blitz-February-27-2024"]
[Site "Chess.com"]
[Date "2024.02.27"]
[Round "1"]
[White "Brave_spirit12"]
[Black "kuba2006"]
[Result "1-0"]
[WhiteElo "2722"]
[BlackElo "2409"]
[TimeControl "180+1"]
[EndTime "8:08:52 PST"]
[Termination "Brave_spirit12 won by checkmate"]

1. e4 Nf6 2. Nc3 e5 3. d4 exd4 4. Qxd4 Nc6 5. Qd3 Bb4 6. Bd2 d6 7. O-O-O Be6 8. f4 Qe7 9. Nd5 Bxd2+ 10. Rxd2 Bxd5 11. exd5 Nb4 12. Qb3 a5 13. Nf3 O-O 14.
a3 Na6 15. Bxa6 Rxa6 16. Re1 Qd7 17. Rde2 Rb6 18. Qc4 Qb5 19. Qxb5 Rxb5 20. c4 Rc5 21. Rc2 b5 22. b3 a4 23. cxb5 Rxb5 24. bxa4 Rxd5 25.
Rxc7 Ra5 26. Rc4 g6 27. Nd4 Rfa8 28. Kb2 Rxa4 29. Rxa4 Rxa4 30. Rd1 Ra5 31. Nb3 Ra6 32. g3 Kg7 33. Rd4 Nd7 34. a4 Nc5 35. Nxc5 dxc5 36.
Rc4 Ra5 37. Ka3 Kf6 38. Rc1 Ke6 39. Rb1 Kd6 40. Rb7 f5 41. Rxh7 Kd5 42. Rg7 Ra6 43. Rd7+ Ke4 44. Rd2 c4 45. Kb4 c3 46. Rc2 Kd4 47. Rxc3 Rb6+ 48. Ka5 Rb2 49. Rc6 Rxh2 50. Rxg6 Rg2 51. Rg5 Ke4 52. Ka6 Ra2 53. a5 Ra1 54. Kb6 Rb1+ 55. Ka7 Ra1 56. a6 Kd5 57. Kb7 Ke6 58.
a7 Rb1+ 59. Ka8 Ra1 60. Rg7 Kf6 61. Rb7 Rd1 62. Kb8 Rd8+ 63. Kc7 Ra8 64. Kb6 Ke6 65. Rb8 Rxb8+ 66. axb8=Q Kd5 67. Qe5+ Kc4 68. Qxf5 Kb3 69. Qe4 Kc3 70. Kc5 Kd2 71. Kd4 Kc1 72. Qg2 Kd1 73. Kc3 Ke1 74. Kd3 Kd1 75. Qd2# 1-0

[Event "Early-Titled-Tuesday-Blitz-February-27-2024"]
[Site "Chess.com"]
[Date "2024.02.27"]
[Round "1"]
[White "davigator"]
[Black "Hongjin"]
[Result "0-1"]
[WhiteElo "2395"]
[BlackElo "2700"]
[TimeControl "180+1"]
[EndTime "8:08:52 PST"]
[Termination "Hongjin won by resignation"]

1. e4 c5 2. Nf3 e6 3. d4 cxd4 4. Nxd4 Nc6 5. Nc3 a6 6. a3 Qc7 7. f4 d6 8. Be3 Nf6 9. Qf3 Be7 10.
Bd3 Nxd4 11. Bxd4 e5 12. Be3 Be6 13. O-O O-O 14. f5 Bc4 15. g4 d5 16. exd5 Bc5 17.
g5 e4 18. Nxe4 Nxe4 19. Bxe4 Bxf1 20. Rxf1 Rfe8 21. Bxc5 Qxc5+ 22. Kh1 Re5 23. g6 Rae8 24. gxf7+ Kxf7 25. Qh5+ Kg8 26. Bg2 Re1 27. Qf3 Rxf1+ 28. Qxf1 Qxc2 29. f6 gxf6 30. d6 Qd2 31. Qxf6 Qe1+ 32.
Bf1 Qe4+ 33. Kg1 Qg6+ 34. Qxg6+ hxg6 35. Bh3 Kf7 36. Kf2 Rd8 37. d7 Ke7 38. Ke3 Rh8 39. Bg2 b6 40. h3 Kxd7 41. Bf1 b5 42. Kd4 Kd6 43. Bg2 Rh4+ 44. Kc3 a5 45. Bf1 Kc5 46.
Bg2 b4+ 47. axb4+ axb4+ 48. Kd3 g5 49. b3 Rf4 50. Ke3 Kd6 51. Bf3 Ke5 52. Be2 Re4+ 53.
Kf3 Kd4 54. Bc4 Re3+ 55. Kg4 Rc3 56. Bf7 Ke5 57. Kxg5 Rxh3 58. Kg4 Re3 59. Bg8 Ke4 60. Bf7 Re1 61. Kg3 Rf1 62. Bc4 Rf3+ 63. Kg2 Ke3 64.
Bd5 Rf2+ 65. Kg3 Rd2 66. Be6 Rd3 67. Kg2 Kd2 68. Kf2 Re3 69. Bd5 Re7 70. Bg8 Re5 71.
Bc4 Rf5+ 72. Kg3 Kc2 73. Be6 Rf6 74. Bd5 Rd6 75. Bc4 Rd4 76. Be6 Rd3+ 77. Kf2 Rxb3 78. Ke2 Rc3 79. Bf5+ Kc1 80. Be6 b3 0-1

[Event "Early-Titled-Tuesday-Blitz-February-27-2024"]
[Site "Chess.com"]
[Date "2024.02.27"]
[Round "1"]
[White "Sokoloco"]
[Black "GreenPeach24"]
[Result "1-0"]
[WhiteElo "2799"]
[BlackElo "2451"]
[TimeControl "180+1"]
[EndTime "8:08:57 PST"]
[Termination "Sokoloco won by checkmate"]

1. b3 Nf6 2. Bb2 e6 3. e3 d5 4.
Nf3 Bd6 5. d4 O-O 6. Nbd2 Nbd7 7. Bd3 Qe7 8. Ne5 c5 9. f4 cxd4 10. exd4 Ba3 11. Bxa3 Qxa3 12. c3 Qb2 13. Qc1 Qxc1+ 14.
Rxc1 a6 15. a4 b6 16. b4 Bb7 17.
a5 Rfc8 18. axb6 Nxb6 19. Nb3 Na4 20. Na5 Rc7 21. Kd2 Ne4+ 22. Bxe4 dxe4 23. Nxb7 Rxb7 24. Ra1 Nb6 25. Rhe1 f6 26. Ng4 Nd5 27. Ra3 f5 28.
Ne3 Nxf4 29. g4 g6 30. Rea1 Rb6 31. Nc4 Rc6 32. Ne5 Rb6 33. Nc4 Rc6 34. Ne5 Rb6 35. Nd7 Rd6 36. Nc5 e5 37. Nb3 exd4 38. Nxd4 Ne6 39.
Ke3 Nxd4 40. cxd4 Rb8 41. gxf5 gxf5 42. Rg1+ Kf7 43. Ra5 Rxb4 44. Rxf5+ Ke6 45. Re5+ Kd7 46. Rg7+ Kc6 47. Rxe4 Rh6 48. h4 Rb3+ 49. Kd2 Rb2+ 50. Kc3 Rh2 51. Rgg4 Rh3+ 52. Kc4 Kb6 53. d5 Rd6 54.
Rg7 h5 55. Rh7 Rh2 56. Rxh5 Rc2+ 57. Kd3 Rc5 58. Kd4 Rb5 59. Re7 Rb4+ 60. Kc3 Ka5 61.
Rc7 Rb5 62. Kd4 Rb4+ 63. Rc4 Rb5 64. Rc5 Rxc5 65. Kxc5 Rd8 66. d6 Rc8+ 67. Kd5 Kb6 68. d7 Rd8 69. Kd6 Kb7 70. Ke7 Kc7 71. Rc5+ Kb6 72.
Kxd8 Kxc5 73. Kc7 Kb4 74. d8=Q a5 75. Qd6+ Kb5 76. h5 a4 77. h6 a3 78. h7 a2 79.
h8=Q a1=Q 80. Qxa1 Kc4 81. Qc1+ Kb3 82. Qb6+ Ka4 83. Qa1# 1-0

[Event "Early-Titled-Tuesday-Blitz-February-27-2024"]
[Site "Chess.com"]
[Date "2024.02.27"]
[Round "1"]
[White "vugarrasulov"]
[Black "HajiyevKanan"]
[Result "1-0"]
[WhiteElo "3003"]
[BlackElo "2522"]
[TimeControl "180+1"]
[EndTime "8:09:02 PST"]
[Termination "vugarrasulov won by resignation"]

1. e4 c6 2. d4 d5 3. e5 a6 4.
c4 Bf5 5. Nc3 e6 6. Nge2 Nd7 7.
Ng3 Bg6 8. cxd5 cxd5 9. Bd3 Ne7 10. O-O Nc6 11. Be3 Qb6 12. Na4 Qb4 13. a3 Qa5 14. b4 Qc7 15. Rc1 Be7 16. f4 Bxd3 17. Qxd3 g6 18. Ne2 h5 19. g3 Kf8 20. Kg2 Kg7 21. h3 Nb6 22. Nxb6 Qxb6 23. Nc3 Rh7 24. Rc2 Rhh8 25. Rfc1 Rac8 26. Na4 Qb5 27. Qxb5 axb5 28. Nc5 Bxc5 29. Rxc5 Na7 30. Kf3 Rxc5 31. Rxc5 Rc8 32. g4 hxg4+ 33. hxg4 Rxc5 34. bxc5 Nc6 35. Ke2 f5 36.
exf6+ Kxf6 37. Kd3 b4 38. a4 Ke7 39. Kc2 Kd7 40.
Kb3 Kc7 41. Bf2 Kb8 42. Be3 Ka7 43. Bd2 Nxd4+ 44. Kxb4 Nc6+ 45. Kb5 Nd4+ 46. Kb4 Nc6+ 47. Kb3 Kb8 48. Bc3 Kc7 49. Bf6 Kd7 50. Kc3 Ke8 51. Kb3 Kd7 52. Bc3 Ke7 53. a5 Kd7 54. Ka4 Kc7 55. Bb2 Na7 56. Kb4 Nc6+ 57. Ka4 Na7 58. Bf6 Kc6 59. Kb4 Nb5 60. Be5 Na7 61. Bb2 Nb5 62. Be5 Na7 63. Bd4 Nb5 64. Bf2 Nc7 65. Kc3 Nb5+ 66. Kd3 Kc7 67. Be3 Kd7 68. Bc1 Kc6 69. Be3 Kd7 70. Bg1 Kc6 71. Bf2 Kd7 72. Ke3 Kc6 73. Kf3 Kd7 74. Kg3 Ke7 75. Bg1 Kf6 76. Kf3 Nc3 77. c6 bxc6 78. Bd4+ 1-0

[Event "Early-Titled-Tuesday-Blitz-February-27-2024"]
[Site "Chess.com"]
[Date "2024.02.27"]
[Round "1"]
[White "abelmat"]
[Black "ahkashefi2800"]
[Result "0-1"]
[WhiteElo "2082"]
[BlackElo "2560"]
[TimeControl "180+1"]
[EndTime "8:09:06 PST"]
[Termination "ahkashefi2800 won on time"]

1. d4 d5 2. c4 c6 3. Nf3 Nf6 4. Nc3 Bg4 5. e3 e6 6. Be2 Nbd7 7. O-O Bd6 8. b3 O-O 9. Bb2 Rc8 10. h3 Bxf3 11. Bxf3 Bb8 12. Rc1 Re8 13. Qd2 dxc4 14. bxc4 e5 15. Rcd1 exd4 16. exd4 Nb6 17. Be2 Qd6 18.
g3 c5 19. d5 Ne4 20. Nxe4 Rxe4 21. Bd3 Re7 22. Rde1 Rce8 23. Rxe7 Qxe7 24. Bc3 Bd6 25. Re1 Qxe1+ 26. Qxe1 Rxe1+ 27. Bxe1 Nd7 28. Bc3 Be5 29. Bd2 Bd4 30. Kg2 Ne5 31. Be2 f6 32. f4 Nf7 33. f5 Nd6 34. Kf3 Be5 35. g4 b6 36. Be3 h6 37. Bd3 Kf7 38. h4 Ke7 39. g5 hxg5 40. hxg5 Nf7 41. gxf6+ gxf6 42. Bf4 Bxf4 43. Kxf4 Kd6 44. Ke4 Ne5 45. Be2 Ke7 46. Kf4 Nf7 47. Kg4 Nd6 48. Kf4 Kd7 49. Kg4 Kd8 50.
Kh5 Ke7 51. Kg6 a6 52. Bd3 b5 53. cxb5 axb5 54. a3 c4 55. Bc2 Nf7 56. Kg7 Nd6 57. Kg6 Nb7 58. Kg7 Nc5 59. d6+ Kxd6 60. Kxf6 Kd5 61.
Kg7 Nd7 62. f6 Nxf6 63. Kxf6 Kd4 64. Ke6 Kc3 65. Bd1 Kd2 66. Bh5 Kc3 0-1

[Event "Early-Titled-Tuesday-Blitz-February-27-2024"]
[Site "Chess.com"]
[Date "2024.02.27"]
[Round "1"]
[White "agvania123"]
[Black "Makswolf200817"]
[Result "0-1"]
[WhiteElo "2411"]
[BlackElo "2724"]
[TimeControl "180+1"]
[EndTime "8:09:11 PST"]
[Termination "Makswolf200817 won by resignation"]

1. c4 e6 2. d4 d5 3. Nc3 c6 4. cxd5 exd5 5. Bf4 Bf5 6. e3 Nf6 7. Qb3 Qb6 8. Qxb6 axb6 9. Nf3 b5 10. h3 h6 11. Ne5 Nbd7 12. Be2 Bb4 13. O-O O-O 14. Nxd7 Nxd7 15. a3 Be7 16. Rfc1 Rfe8 17. g4 Bg6 18. Nxb5 cxb5 19. Bxb5 Nb6 20. Bxe8 Rxe8 21. Rc7 Bf8 22. Rxb7 Nc4 23. a4 Ra8 24. b3 Na5 25. Rb5 Bc2 26.
b4 Nc6 27. a5 Nxb4 28. a6 Bd3 29. Rb6 Rxa6 30. Raxa6 Nxa6 31. Bd6 Bxd6 32. Rxd6 Nb4 33. Rd8+ Kh7 34. Kg2 Nc2 35. Kg3 Be4 36. f3 Bd3 37.
Kf2 Bc4 38. Rd7 Kg6 39. h4 Kf6 40. h5 Ke6 41. Rb7 Na3 42. Rb6+ Ke7 43. f4 Nb5 44.
f5 Nc3 45. Kg3 Bd3 46. Rb3 Ne4+ 47. Kf4 Bc2 48. Rb7+ Ke8 49. Ke5 Nf6 50. Rb8+ Kd7 51. Rb7+ Ke8 52. Rb8+ Kd7 53. Rb7+ Kc6 54. Rxf7 Nxg4+ 55.
Kf4 Nf6 56. Kf3 Nxh5 57. f6 gxf6 58. Kg4 Bd1+ 59. Kh4 Kd6 60. Rh7 Ke6 61. Rxh6 Ng7 62. Rh7 Nf5+ 63. Kh3 Nxe3 64. Kg3 Nf5+ 65. Kf4 Nxd4 66.
Rh1 Bc2 67. Re1+ Be4 68. Ke3 Ke5 69. Ra1 f5 70. Ra8 f4+ 71. Kf2 Nf5 72. Re8+ Kd4 73. Rf8 Kd3 74. Re8 d4 75. Rd8 Ne3 76. Re8 f3 77. Re7 Nd1+ 78. Kg3 f2 79. Rf7 Ke2 80. Rf4 f1=Q 81. Rxf1 Kxf1 82. Kf4 Nc3 83. Ke5 d3 84.
Kd4 d2 85. Kxc3 d1=Q 0-1

[Event "Early-Titled-Tuesday-Blitz-February-27-2024"]
[Site "Chess.com"]
[Date "2024.02.27"]
[Round "1"]
[White "NM_Antelacus"]
[Black "PolandHussars"]
[Result "1-0"]
[WhiteElo "2253"]
[BlackElo "2590"]
[TimeControl "180+1"]
[EndTime "8:09:18 PST"]
[Termination "NM_Antelacus won by checkmate"]

1. e4 e5 2. Nf3 Nc6 3. Bc4 Be7 4. c3 Nf6 5. d3 d6 6. h3 O-O 7. O-O Na5 8. Bb5 a6 9. Ba4 b5 10. Bc2 c5 11. d4 Qc7 12. Re1 Bd7 13. d5 Nc4 14.
Nbd2 Nb6 15. Nf1 a5 16. Ng3 a4 17. a3 Rfc8 18. Bd3 b4 19. Nh2 c4 20. Bf1 bxc3 21. bxc3 Be8 22. Nf5 Bf8 23. Ng4 Nfd7 24. Qf3 Nc5 25.
Be3 f6 26. h4 Kh8 27. Rab1 Rab8 28. Rb4 Nd3 29. Bxd3 cxd3 30. Bd2 Nc4 31. Qxd3 Nxa3 32. Ra1 Nc4 33. Be1 a3 34. Nge3 Nxe3 35. Nxe3 Ra8 36. Ra2 Ra7 37. c4 Bg6 38. Rb3 Rca8 39. f3 Qc5 40.
Bb4 Qd4 41. Qxd4 exd4 42. Nc2 Rc8 43. Nxd4 Rxc4 44. Nc6 Rb7 45. Raxa3 Kg8 46. Kf2 f5 47. exf5 Be8 48. Ra8 Bxc6 49. dxc6 Rbxb4 50. Rxb4 Rxb4 51. c7 Rb2+ 52. Kf1 Rc2 53. c8=Q Rxc8 54. Rxc8 Kf7 55. Ke2 Be7 56. g3 Kf6 57. Kd3 Kxf5 58. Rc7 Ke6 59. Ke4 d5+ 60. Kd4 Bf6+ 61. Kd3 Be5 62. Rc6+ Kd7 63.
Rc5 Kd6 64. Ra5 Bxg3 65. h5 h6 66. Ra6+ Ke5 67. Ra7 Kf4 68. Rxg7 Kxf3 69. Kd4 Kf4 70. Kxd5 Bh4 71. Ke6 Bg5 72. Kf7 Kg4 73. Kg6 Kh4 74.
Rh7 Kg4 75. Rxh6 Bxh6 76. Kxh6 Kf5 77. Kg7 Ke6 78. h6 Kf5 79. h7 Kg5 80. h8=Q Kf5 81. Qe8 Kg5 82. Qe7+ Kh5 83. Qe6 Kg5 84. Qf7 Kh4 85. Kf8 Kg5 86. Ke7 Kh6 87. Ke6 Kg5 88. Ke5 Kh4 89. Qg7 Kh3 90. Kf4 Kh2 91. Kf3 Kh1 92.
Qg2# 1-0

[Event "Early-Titled-Tuesday-Blitz-February-27-2024"]
[Site "Chess.com"]
[Date "2024.02.27"]
[Round "1"]
[White "Andrey_Klymchuk"]
[Black "Preobrazhenska_D2011"]
[Result "0-1"]
[WhiteElo "2712"]
[BlackElo "2431"]
[TimeControl "180+1"]
[EndTime "8:09:23 PST"]
[Termination "Preobrazhenska_D2011 won by checkmate"]

1. e4 c5 2. Nf3 d6 3. d4 cxd4 4. Nxd4 Nf6 5. f3 e5 6. Bb5+ Nbd7 7. Nf5 Qc7 8. Nc3 a6 9. Ba4 b5 10. Bb3 Bb7 11. Bg5 h6 12. Bh4 g6 13. Ne3 Bg7 14.
Ncd5 Nxd5 15. Nxd5 Bxd5 16. Qxd5 Nb6 17. Qd3 O-O 18.
O-O-O Nc4 19. Bxc4 bxc4 20. Qxd6 Qa5 21. Qa3 Qc7 22. Be1 Rab8 23. Qd6 Qb7 24. Bc3 Rfe8 25. Qd5 Qc7 26. Qd7 Qc5 27. Rd2 h5 28. Rd5 Qe3+ 29. Kd1 Bf6 30. Qc6 Re6 31. Qc7 Rbe8 32. Rf1 R6e7 33.
Qxc4 Qb6 34. Kc1 Rc7 35. Qd3 Rec8 36. Rd6 Bg5+ 37. Kd1 Qc5 38. Rd5 Qe7 39. Ke2 Bf6 40. Rd1 Qe6 41. Rd6 Qe7 42. Rd7 Rxd7 43. Qxd7 Qc5 44.
Qd5 Qb6 45. Rd3 Bg7 46. Qd6 Qb5 47. Qd5 Rc5 48. Qd8+ Kh7 49. Qd6 Rc6 50. Qe7 Qc4 51. b3 Qb5 52. a4 Qb6 53. Qxf7 Rc7 54. Rd7 Rxd7 55. Qxd7 Qc5 56. Qd3 Qg1 57. Qd2 Qxg2+ 58. Kd1 Qxf3+ 59. Qe2 Qxc3 60. Qxa6 Qa1+ 61. Ke2 Qg1 62.
Qd3 Qg2+ 63. Kd1 Qh1+ 64. Kd2 Bh6+ 65. Kc3 Qa1+ 66. Kc4 Qa3 67. c3 Qe7 68. Qd5 Qc7+ 69. Kd3 Bg7 70. b4 Qa7 71. a5 Qg1 72. Kc4 Qf1+ 73. Qd3 Qf7+ 74. Kb5 Qb7+ 75. Ka4 Qc6+ 76. b5 Qc5 77. a6 Bf8 78. Kb3 Qa3+ 79. Kc2 Qa2+ 80. Kd1 Qa1+ 81. Ke2 Qb2+ 82. Kf3 Qc1 83. Qd7+ Kh6 84. Qd3 Qf4+ 85. Kg2 Bc5 86. h3 Qf2+ 87.
Kh1 Qg1# 0-1